| TOP OF THE 1ST |
|
Salem-Keizer Volcanoes batting - Pitching for Auburn Doubledays : RHP Chris Mosley
|
|
Pitching: RHP Chris Mosley
|
|
|
Batting: LHB Adrian Navarro
|
0-0: Ball 1-0: Ball 2-0: Ball 3-0: Base on Balls
|
|
Batting: LHB Eddie Lemus
|
0-0: Foul Ball, location: 2F 0-1: Called Strike 0-2: Strikes out swinging
|
|
Batting: LHB Kuan Hsia
|
0-0: Foul Ball, location: 2F 0-1: Ball Passed Ball! Adrian Navarro to second 1-1: Swinging Strike 1-2: Ball 2-2: Strikes out swinging
|
|
Batting: RHB Ricky Aguilar
|
0-0: Ball Passed Ball! Adrian Navarro to third 1-0: Ball 2-0: Called Strike 2-1: Foul Ball, location: 2F 2-2: Foul Ball, location: 2F 2-2: Ball 3-2: Strikes out looking
|
| Top of the 1st over - 0 runs, 0 hits, 0 errors, 1 left on base; Salem-Keizer 0 - Auburn 0 |
| BOTTOM OF THE 1ST |
|
Auburn Doubledays batting - Pitching for Salem-Keizer Volcanoes : RHP Kevin Spencer
|
|
Pitching: RHP Kevin Spencer
|
|
|
Batting: RHB Leo Gutierrez
|
0-0: Called Strike 0-1: Ball 1-1: Ball 2-1: Swinging Strike 2-2: Ball 3-2: Foul Ball, location: 2F 3-2: Ground out 2-3 (Groundball, 2L, EV 70.0 MPH)
|
|
Batting: RHB Antonio Vallez
|
0-0: Called Strike 0-1: Ball 1-1: Foul Ball, location: 2F 1-2: Foul Ball, location: 2F 1-2: Strikes out swinging
|
|
Batting: LHB Chance McWilliams
|
0-0: Called Strike 0-1: Ball 1-1: Foul Ball, location: 2F 1-2: Fly out, F8 (Line Drive, 78M, EV 92.5 MPH)
|
| Bottom of the 1st over - 0 runs, 0 hits, 0 errors, 0 left on base; Salem-Keizer 0 - Auburn 0 |
| TOP OF THE 2ND |
|
Salem-Keizer Volcanoes batting - Pitching for Auburn Doubledays : RHP Chris Mosley
|
|
Batting: RHB Noe Oliva
|
0-0: Called Strike 0-1: Ball 1-1: SINGLE (Line Drive, 6MD, EV 94.4 MPH)
|
|
Batting: RHB Eddie Ramirez
|
0-0: Ball Noe Oliva is caught stealing 2nd base 2-4 1-0: Ground out 5-3 (Groundball, 5L, EV 89.4 MPH)
|
|
Batting: RHB Soichi Kaneshiro
|
0-0: Ball 1-0: Ball 2-0: Foul Ball, location: 2F 2-1: Foul Ball, location: 2F 2-2: Ball 3-2: Strikes out swinging
|
| Top of the 2nd over - 0 runs, 1 hit, 0 errors, 0 left on base; Salem-Keizer 0 - Auburn 0 |
| BOTTOM OF THE 2ND |
|
Auburn Doubledays batting - Pitching for Salem-Keizer Volcanoes : RHP Kevin Spencer
|
|
Batting: RHB Deshawn Boseman
|
0-0: Called Strike 0-1: SINGLE (Line Drive, 4M, EV 100.0 MPH)
|
|
Batting: RHB Naofumi Ishida
|
0-0: Called Strike 0-1: Ball 1-1: Foul Ball, location: 2F 1-2: Foul Ball, location: 2F 1-2: Ball 2-2: SINGLE (Line Drive, 8RS, EV 98.8 MPH) Deshawn Boseman to second
|
|
Batting: LHB Elias Posada
|
0-0: Called Strike 0-1: Foul Ball, location: 2F 0-2: Ball 1-2: Foul Ball, location: 2F 1-2: Ball 2-2: Foul Ball, location: 2F 2-2: DOUBLE (Flyball, 8RXD, EV 90.0 MPH) Deshawn Boseman scores Naofumi Ishida to third
|
|
Batting: LHB Bobby Adams
|
0-0: Called Strike 0-1: Reached on error, E5 (Groundball, 56, EV 90.6 MPH) Naofumi Ishida scores Elias Posada to third
|
|
Batting: RHB Jelexiz Cuenca
|
0-0: Ball 1-0: Ball 2-0: Ball Passed Ball! Elias Posada scores Bobby Adams to second 3-0: Called Strike 3-1: Base on Balls
|
|
Batting: RHB John Gibbs
|
0-0: Called Strike 0-1: Ball 1-1: Fielders Choice at 2nd, 3-6 (Groundball, 34S, EV 76.9 MPH) Bobby Adams to third
|
|
Batting: RHB Leo Gutierrez
|
0-0: Ball 1-0: Ball 2-0: Ball Passed Ball! Bobby Adams scores John Gibbs to second 3-0: Called Strike 3-1: Foul Ball, location: 2F 3-2: Base on Balls
|
|
Batting: RHB Antonio Vallez
|
0-0: Ball Passed Ball! John Gibbs to third Leo Gutierrez to second 1-0: Foul Ball, location: 2F 1-1: Ground out 4-3 (Groundball, 4, EV 83.8 MPH) John Gibbs scores Leo Gutierrez to third
|
|
Batting: LHB Chance McWilliams
|
0-0: Ball 1-0: Ball Passed Ball! Leo Gutierrez scores 2-0: Called Strike 2-1: Ball 3-1: Ground out 4-3 (Groundball, 4, EV 88.8 MPH)
|
| Bottom of the 2nd over - 6 runs, 3 hits, 1 error, 0 left on base; Salem-Keizer 0 - Auburn 6 |
| TOP OF THE 3RD |
|
Salem-Keizer Volcanoes batting - Pitching for Auburn Doubledays : RHP Chris Mosley
|
|
Batting: RHB Tucker Perillo
|
0-0: Called Strike 0-1: Ball 1-1: Called Strike 1-2: Ball 2-2: Foul Ball, location: 2F 2-2: Foul Ball, location: 2F 2-2: Ball 3-2: Strikes out swinging
|
|
Batting: SHB Justin Tidwell
|
0-0: Called Strike 0-1: Called Strike 0-2: Strikes out swinging
|
|
Batting: LHB Adrian Navarro
|
0-0: Ball 1-0: Foul Ball, location: 2F 1-1: Ball 2-1: Foul Ball, location: 2F 2-2: Ball 3-2: Base on Balls
|
|
Batting: LHB Eddie Lemus
|
0-0: Called Strike 0-1: Called Strike 0-2: Ball 1-2: Foul Ball, location: 2F 1-2: Strikes out swinging
|
| Top of the 3rd over - 0 runs, 0 hits, 0 errors, 1 left on base; Salem-Keizer 0 - Auburn 6 |
| BOTTOM OF THE 3RD |
|
Auburn Doubledays batting - Pitching for Salem-Keizer Volcanoes : RHP Kevin Spencer
|
|
Batting: RHB Deshawn Boseman
|
0-0: Ball 1-0: Foul Ball, location: 2F 1-1: Ball 2-1: Swinging Strike 2-2: Ball 3-2: Base on Balls
|
|
Batting: RHB Naofumi Ishida
|
0-0: Ball 1-0: Called Strike 1-1: Fielders Choice at 2nd, 6-4 (Groundball, 6, EV 100.6 MPH)
|
|
Batting: LHB Elias Posada
|
0-0: Ball Naofumi Ishida steals 2nd base 1-0: Called Strike 1-1: Ball Passed Ball! Naofumi Ishida to third 2-1: Foul Ball, location: 2F 2-2: DOUBLE (Flyball, 78XD, EV 103.8 MPH) Naofumi Ishida scores
|
|
Batting: LHB Bobby Adams
|
0-0: Ball 1-0: Ground out 1-3 (Groundball, 13S, EV 63.1 MPH) Elias Posada to third
|
|
Batting: RHB Jelexiz Cuenca
|
0-0: Fly out, F6 (Popup, 6MS, EV 87.5 MPH)
|
| Bottom of the 3rd over - 1 run, 1 hit, 0 errors, 1 left on base; Salem-Keizer 0 - Auburn 7 |
| TOP OF THE 4TH |
|
Salem-Keizer Volcanoes batting - Pitching for Auburn Doubledays : RHP Chris Mosley
|
|
Batting: LHB Kuan Hsia
|
0-0: Ball 1-0: Ball 2-0: Called Strike 2-1: Swinging Strike 2-2: Foul Ball, location: 2F 2-2: Strikes out swinging
|
|
Batting: RHB Ricky Aguilar
|
0-0: Ball 1-0: Called Strike 1-1: Called Strike 1-2: Strikes out swinging
|
|
Batting: RHB Noe Oliva
|
0-0: Swinging Strike 0-1: Ball 1-1: Swinging Strike 1-2: Foul Ball, location: 2F 1-2: Ball 2-2: Foul Ball, location: 2F 2-2: Strikes out swinging
|
| Top of the 4th over - 0 runs, 0 hits, 0 errors, 0 left on base; Salem-Keizer 0 - Auburn 7 |
| BOTTOM OF THE 4TH |
|
Auburn Doubledays batting - Pitching for Salem-Keizer Volcanoes : RHP Kevin Spencer
|
|
Batting: RHB John Gibbs
|
0-0: Called Strike 0-1: Ball 1-1: Fly out, F9 (Flyball, 89M, EV 86.9 MPH)
|
|
Batting: RHB Leo Gutierrez
|
0-0: Called Strike 0-1: SINGLE (Groundball, 34D, EV 110.6 MPH)
|
|
Pitching: RHP James Jenkins
|
|
|
Batting: RHB Antonio Vallez
|
0-0: Called Strike 0-1: Fielders Choice at 2nd, 6-4 (Groundball, 6, EV 103.1 MPH)
|
|
Batting: LHB Chance McWilliams
|
0-0: Swinging Strike 0-1: Ground out 3-1 (Groundball, 34, EV 87.5 MPH)
|
| Bottom of the 4th over - 0 runs, 1 hit, 0 errors, 1 left on base; Salem-Keizer 0 - Auburn 7 |
| TOP OF THE 5TH |
|
Salem-Keizer Volcanoes batting - Pitching for Auburn Doubledays : RHP Chris Mosley
|
|
Batting: RHB Eddie Ramirez
|
0-0: Ball 1-0: Foul Ball, location: 2F 1-1: Ball 2-1: Ball 3-1: Foul Ball, location: 2F 3-2: Strikes out looking
|
|
Batting: RHB Soichi Kaneshiro
|
0-0: Ball 1-0: Ball 2-0: Ball 3-0: Called Strike 3-1: Swinging Strike 3-2: Base on Balls
|
|
Pitching: RHP Steve Barnes
|
|
|
Batting: RHB Tucker Perillo
|
0-0: Called Strike 0-1: Ball 1-1: Called Strike Soichi Kaneshiro is caught stealing 2nd base 2-4 1-2: SINGLE (Groundball, 34D, EV 101.2 MPH)
|
|
Batting: SHB Justin Tidwell
|
0-0: Ball 1-0: Ball 2-0: Called Strike 2-1: Called Strike 2-2: Strikes out swinging
|
| Top of the 5th over - 0 runs, 1 hit, 0 errors, 1 left on base; Salem-Keizer 0 - Auburn 7 |
| BOTTOM OF THE 5TH |
|
Auburn Doubledays batting - Pitching for Salem-Keizer Volcanoes : RHP James Jenkins
|
|
Batting: RHB Deshawn Boseman
|
0-0: Ball 1-0: Swinging Strike 1-1: SINGLE (Line Drive, 8LS, EV 95.0 MPH)
|
|
Batting: RHB Naofumi Ishida
|
0-0: Foul Ball, location: 2F 0-1: SINGLE (Line Drive, 6MD, EV 95.0 MPH) Deshawn Boseman to second
|
|
Batting: LHB Elias Posada
|
0-0: Called Strike 0-1: Foul Ball, location: 2F 0-2: Ball 1-2: Ball Passed Ball! Deshawn Boseman to third Naofumi Ishida to second 2-2: Ball 3-2: Foul Ball, location: 2F 3-2: Base on Balls
|
|
Batting: LHB Bobby Adams
|
0-0: Called Strike 0-1: Ball 1-1: Called Strike 1-2: Fielders Choice at 2nd, 6-4 (Groundball, 6, EV 77.5 MPH) Deshawn Boseman scores Naofumi Ishida to third
|
|
Batting: RHB Jelexiz Cuenca
|
0-0: Ball 1-0: SINGLE (Groundball, 6MD, EV 103.8 MPH) Naofumi Ishida scores Bobby Adams to second
|
|
Batting: RHB John Gibbs
|
0-0: Ball 1-0: Ball Wild Pitch! Bobby Adams to third Jelexiz Cuenca to second 2-0: Ball 3-0: Called Strike 3-1: SINGLE (Groundball, 4MD, EV 106.9 MPH) Bobby Adams scores Jelexiz Cuenca to third Runner from 3rd tries for Home, SAFE, throw by CF to home
|
|
Pitching: RHP Danny Estrada
|
|
|
Batting: RHB Leo Gutierrez
|
0-0: Ball Passed Ball! John Gibbs to second 1-0: Ball Passed Ball! John Gibbs to third 2-0: Fly out, F9 (Flyball, 9, EV 83.8 MPH)
|
|
Batting: RHB Antonio Vallez
|
0-0: Ball Passed Ball! John Gibbs scores 1-0: Called Strike 1-1: Swinging Strike 1-2: Foul Ball, location: 2F 1-2: Strikes out looking
|
| Bottom of the 5th over - 5 runs, 4 hits, 0 errors, 0 left on base; Salem-Keizer 0 - Auburn 12 |
| TOP OF THE 6TH |
|
Salem-Keizer Volcanoes batting - Pitching for Auburn Doubledays : RHP Steve Barnes
|
|
Batting: LHB Adrian Navarro
|
0-0: Ball 1-0: Ball 2-0: Ball 3-0: Base on Balls
|
|
Batting: LHB Eddie Lemus
|
0-0: Fielders Choice at 2nd, 4-6 (Groundball, 4, EV 91.2 MPH)
|
|
Batting: LHB Kuan Hsia
|
0-0: Called Strike Eddie Lemus steals 2nd base 0-1: Ball Wild Pitch! Eddie Lemus to third 1-1: Ball 2-1: SINGLE (Line Drive, 56D, EV 100.6 MPH) Eddie Lemus scores
|
|
Batting: RHB Ricky Aguilar
|
0-0: Ball 1-0: Called Strike 1-1: Ball 2-1: Grounds into double play, 5-4-3 (Groundball, 5S, EV 85.0 MPH)
|
| Top of the 6th over - 1 run, 1 hit, 0 errors, 0 left on base; Salem-Keizer 1 - Auburn 12 |
| BOTTOM OF THE 6TH |
|
Auburn Doubledays batting - Pitching for Salem-Keizer Volcanoes : RHP Danny Estrada
|
|
Batting: LHB Chance McWilliams
|
0-0: Called Strike 0-1: Called Strike 0-2: Fly out, F9 (Line Drive, 9S, EV 90.0 MPH)
|
|
Batting: RHB Deshawn Boseman
|
0-0: Ball 1-0: Ball 2-0: Foul Ball, location: 2F 2-1: Ball 3-1: Foul Ball, location: 2F 3-2: Base on Balls
|
|
Batting: RHB Naofumi Ishida
|
0-0: Called Strike 0-1: Foul Ball, location: 2F 0-2: Ball 1-2: DOUBLE (Line Drive, 7LM, EV 108.8 MPH) Deshawn Boseman to third
|
|
Pitching: RHP Wally Dethridge
|
|
|
Batting: LHB Elias Posada
|
0-0: Ball 1-0: Swinging Strike 1-1: Ball Passed Ball! Deshawn Boseman scores Naofumi Ishida to third 2-1: Ball 3-1: Base on Balls
|
|
Batting: LHB Bobby Adams
|
0-0: Ball Passed Ball! Naofumi Ishida scores Elias Posada to second 1-0: Foul Ball, location: 2F 1-1: Fly out, F7 (Flyball, 7, EV 84.4 MPH)
|
|
Batting: RHB Jelexiz Cuenca
|
0-0: Swinging Strike 0-1: Ball 1-1: SINGLE (Groundball, 6, EV 95.0 MPH) Elias Posada to third Runner from 3rd tries for Home, SAFE, throw by CF to home Jelexiz Cuenca to second
|
|
Batting: RHB John Gibbs
|
0-0: Ball Passed Ball! Jelexiz Cuenca to third 1-0: Swinging Strike 1-1: Called Strike 1-2: Foul Ball, location: 2F 1-2: Ball Passed Ball! Jelexiz Cuenca scores 2-2: Foul Ball, location: 2F 2-2: Strikes out looking
|
| Bottom of the 6th over - 4 runs, 2 hits, 0 errors, 0 left on base; Salem-Keizer 1 - Auburn 16 |
| TOP OF THE 7TH |
|
Salem-Keizer Volcanoes batting - Pitching for Auburn Doubledays : RHP Steve Barnes
|
|
Batting: RHB Noe Oliva
|
0-0: Ball 1-0: Called Strike 1-1: Foul Ball, location: 2F 1-2: Foul Ball, location: 2F 1-2: Strikes out swinging
|
|
Batting: RHB Eddie Ramirez
|
0-0: Foul Ball, location: 2F 0-1: Fly out, F9 (Line Drive, 9S, EV 101.9 MPH)
|
|
Batting: RHB Soichi Kaneshiro
|
0-0: Swinging Strike 0-1: Called Strike 0-2: Ball 1-2: Strikes out swinging
|
| Top of the 7th over - 0 runs, 0 hits, 0 errors, 0 left on base; Salem-Keizer 1 - Auburn 16 |
| BOTTOM OF THE 7TH |
|
Auburn Doubledays batting - Pitching for Salem-Keizer Volcanoes : RHP Wally Dethridge
|
|
Pitching: LHP Ken Cromsie
|
|
|
Batting: RHB Leo Gutierrez
|
0-0: Ball 1-0: Ball 2-0: Called Strike 2-1: Foul Ball, location: 2F 2-2: SINGLE (Groundball, 56S, EV 76.2 MPH) (infield hit)
|
|
Batting: RHB Antonio Vallez
|
0-0: Ball 1-0: SINGLE (Groundball, 34D, EV 96.2 MPH) Leo Gutierrez to second Runner from 2nd tries for 3rd, SAFE, throw by RF made to third Antonio Vallez to second
|
|
Batting: LHB Chance McWilliams
|
0-0: Ball 1-0: Called Strike 1-1: Ground out 4-3 (Groundball, 34D, EV 85.0 MPH) Leo Gutierrez scores Antonio Vallez to third
|
|
Batting: RHB Deshawn Boseman
|
0-0: Foul Ball, location: 2F 0-1: Ball Passed Ball! Antonio Vallez scores 1-1: Swinging Strike 1-2: Ball 2-2: SOLO HOME RUN (Flyball, 7LD, EV 93.1 MPH), Distance : 340 ft
|
|
Batting: RHB Naofumi Ishida
|
0-0: Foul Ball, location: 2F 0-1: Ball 1-1: Ball 2-1: Ball 3-1: Foul Ball, location: 2F 3-2: Base on Balls
|
|
Pitching: RHP Edward Jones
|
|
|
Batting: LHB Elias Posada
|
0-0: Called Strike 0-1: Ball 1-1: Fly out, F8 (Flyball, 8LD, EV 99.4 MPH)
|
|
Batting: LHB Bobby Adams
|
0-0: SINGLE (Line Drive, 56, EV 102.5 MPH) Naofumi Ishida to second Throwing error, E7 Naofumi Ishida scores Bobby Adams to second
|
|
Batting: RHB Jelexiz Cuenca
|
0-0: Ball 1-0: Ball 2-0: Ball 3-0: Called Strike 3-1: SINGLE (Line Drive, 56, EV 102.5 MPH) Bobby Adams to third
|
|
Batting: RHB John Gibbs
|
0-0: Ball 1-0: Foul Ball, location: 2F 1-1: Ball Wild Pitch! Bobby Adams scores Jelexiz Cuenca to second 2-1: Fly out, F6 (Line Drive, 6, EV 76.2 MPH)
|
| Bottom of the 7th over - 5 runs, 5 hits, 1 error, 1 left on base; Salem-Keizer 1 - Auburn 21 |
| TOP OF THE 8TH |
|
Salem-Keizer Volcanoes batting - Pitching for Auburn Doubledays : RHP Steve Barnes
|
|
Batting: RHB Tucker Perillo
|
0-0: Called Strike 0-1: SINGLE (Line Drive, 7S, EV 100.6 MPH)
|
|
Pitching: LHP Gregg Huddleston
|
|
|
Batting: SHB Justin Tidwell
|
0-0: Sac Bunt to 23 - play at first, batter OUT! 3-4 Tucker Perillo to second
|
|
Batting: LHB Adrian Navarro
|
0-0: Foul Ball, location: 2F 0-1: Foul Ball, location: 2F 0-2: Ball 1-2: Strikes out looking
|
|
Batting: LHB Eddie Lemus
|
0-0: Ball 1-0: Ball 2-0: Foul Ball, location: 2F 2-1: Foul Ball, location: 2F 2-2: Ball Wild Pitch! Tucker Perillo to third 3-2: Strikes out swinging
|
| Top of the 8th over - 0 runs, 1 hit, 0 errors, 1 left on base; Salem-Keizer 1 - Auburn 21 |
| BOTTOM OF THE 8TH |
|
Auburn Doubledays batting - Pitching for Salem-Keizer Volcanoes : RHP Edward Jones
|
|
Batting: RHB Leo Gutierrez
|
0-0: Ball 1-0: Foul Ball, location: 2F 1-1: Foul Ball, location: 2F 1-2: Foul Ball, location: 2F 1-2: Foul Ball, location: 2F 1-2: SINGLE (Groundball, 34D, EV 102.5 MPH)
|
|
Batting: RHB Antonio Vallez
|
0-0: Ball 1-0: Ball 2-0: Foul Ball, location: 2F 2-1: Swinging Strike 2-2: SINGLE (Flyball, 89S, EV 95.0 MPH) Leo Gutierrez to second Runner from 2nd tries for 3rd, SAFE, throw by RF made to third
|
|
Batting: LHB Chance McWilliams
|
0-0: Ball Wild Pitch! Leo Gutierrez scores Antonio Vallez to second 1-0: Ball 2-0: SINGLE (Groundball, 6S, EV 98.8 MPH) Antonio Vallez to third
|
|
Batting: RHB Deshawn Boseman
|
0-0: Ball Passed Ball! Antonio Vallez scores Chance McWilliams to second 1-0: Ball Passed Ball! Chance McWilliams to third 2-0: Ball 3-0: Base on Balls
|
|
Batting: RHB Naofumi Ishida
|
0-0: Called Strike 0-1: Ball Wild Pitch! Chance McWilliams scores Deshawn Boseman to second 1-1: SINGLE (Groundball, 34S, EV 74.4 MPH) (infield hit) Deshawn Boseman to third
|
|
Batting: LHB Elias Posada
|
0-0: Ball Passed Ball! Deshawn Boseman scores Naofumi Ishida to second 1-0: Ball 2-0: Ball Passed Ball! Naofumi Ishida to third 3-0: Base on Balls
|
|
Batting: LHB Bobby Adams
|
0-0: Ball 1-0: Ball 2-0: Called Strike 2-1: SINGLE (Groundball, 6D, EV 108.1 MPH) Naofumi Ishida scores Elias Posada to second
|
|
Batting: RHB Jelexiz Cuenca
|
0-0: Fielders Choice at 2nd, 6-4 (Groundball, 6, EV 85.6 MPH) Elias Posada to third
|
|
Batting: RHB John Gibbs
|
0-0: SINGLE (Groundball, 13S, EV 71.2 MPH) (infield hit) Jelexiz Cuenca to second
|
|
Batting: RHB Leo Gutierrez
|
0-0: Ball Passed Ball! Elias Posada scores Jelexiz Cuenca to third John Gibbs to second 1-0: Ball 2-0: Called Strike 2-1: Ball Passed Ball! Jelexiz Cuenca scores John Gibbs to third 3-1: Foul Ball, location: 2F 3-2: Base on Balls
|
|
Batting: RHB Antonio Vallez
|
0-0: Swinging Strike 0-1: Swinging Strike 0-2: Ball 1-2: Foul Ball, location: 2F 1-2: Ball 2-2: Strikes out looking
|
|
Pinch Hitting: RHB Scott Skoglund
|
0-0: Swinging Strike Passed Ball! John Gibbs scores Leo Gutierrez to second 0-1: Ball 1-1: Ball 2-1: Ball 3-1: Base on Balls
|
|
Batting: RHB Deshawn Boseman
|
0-0: Ground out 4-3 (Groundball, 34, EV 87.5 MPH)
|
| Bottom of the 8th over - 8 runs, 6 hits, 0 errors, 2 left on base; Salem-Keizer 1 - Auburn 29 |
| TOP OF THE 9TH |
|
Salem-Keizer Volcanoes batting - Pitching for Auburn Doubledays : LHP Gregg Huddleston
|
|
Now in LF: Elias Posada
|
|
|
Now in CF: Scott Skoglund
|
|
|
Batting: LHB Kuan Hsia
|
0-0: Ball 1-0: Called Strike 1-1: Ball 2-1: Ground out 3-1 (Groundball, 34S, EV 76.9 MPH)
|
|
Batting: RHB Ricky Aguilar
|
0-0: Ball 1-0: Called Strike 1-1: Ground out 5-3 (Groundball, 5S, EV 67.5 MPH)
|
|
Batting: RHB Noe Oliva
|
0-0: Called Strike 0-1: Ball 1-1: Foul Ball, location: 2F 1-2: Ball 2-2: Foul Ball, location: 2F 2-2: Ball 3-2: Foul Ball, location: 2F 3-2: Strikes out swinging
|
| Top of the 9th over - 0 runs, 0 hits, 0 errors, 0 left on base; Salem-Keizer 1 - Auburn 29 |
|